Map: Overgrowth LE (Void)

Players

Juxtapose - Winner!

  • Race: Protoss Protoss
  • Spawn Location: 7:00

A.I. 1 (Harder)

  • Race: Protoss Protoss
  • Spawn Location: 1:00

VOD

https://youtu.be/AbUxSQN4y7s

Description

This match was fun and challenging. The AI took me by surprise at one point which was disastrous and added to the hype of the match.

I expanded better this match and made better use of Chrono Boost, so I'm happy about that. I didn't forget about the Mothership Core either at first... but then I did after I didn't have enough resources for it earlier on.

I did mess up my ramp block with my initial build but that didn't really come into play thankfully. I do need to work on better micro of course, but I know that'll come with time, and I should have gotten a second Robotics Facility earlier as well as additional Gateways.

Time

  • Played on: Dec. 7, 2016, 9:33 p.m.
  • Length: 23:04
Show
View Real Time Build Order
Export as new Build Order

Juxtapose Protoss - Winner!

Build Orders: Blink Stalkers 

Get SALT Encoding   

  12  0:01  Probe (Chrono Boost)  
  13  0:15  Pylon  
  13  0:18  Probe (Chrono Boost)  
  14  0:29  Probe (Chrono Boost)  
  15  0:39  Probe (Chrono Boost)  
  16  0:44  Gateway  
  16  0:50  Probe (Chrono Boost)  
  17  0:58  Pylon  
  17  1:00  Probe (Chrono Boost)  
  18  1:04  Assimilator  
  18  1:11  Probe (Chrono Boost)  
  19  1:14  Assimilator  
  19  1:21  Probe (Chrono Boost)  
  19  1:25  Pylon  
  20  1:32  Zealot (Chrono Boost), Probe (Chrono Boost)  
  23  1:42  Probe (Chrono Boost)  
  24  1:47  Cybernetics Core  
  24  1:53  Forge  
  26  2:01  Zealot (Chrono Boost)  
  26  2:17  Pylon  
  26  2:25  Zealot (Chrono Boost)  
  26  2:29  Gateway  
  28  2:35  Warp Gate (Chrono Boost)  
  28  2:37  Protoss Ground Weapons Level 1  
  28  2:45  Twilight Council  
  28  2:51  Zealot  
  30  3:17  Pylon  
  30  3:22  Robotics Facility  
  30  3:28  Stalker  
  30  3:29  Stalker  
  34  3:45  Blink (Chrono Boost)  
  34  3:59  Sentry  
  36  4:06  Sentry  
  38  4:24  Gateway  
  38  4:36  Protoss Ground Armor Level 1  
  38  4:40  Stalker  
  40  4:50  Stalker  
  42  4:55  Probe  
  42  4:58  Warp Prism  
  45  5:09  Nexus  
  45  5:12  Pylon  
  45  5:14  Pylon  
  45  5:28  Robotics Bay  
  45  5:43  Photon Cannon  
  45  5:47  Photon Cannon  
  45  5:54  Observer  
  46  5:59  Stalker  
  46  6:00  Stalker  
  42  6:45  Zealot  
  42  6:46  Zealot  
  46  6:50  Probe  
  47  7:00  Probe  
  47  7:03  Gravitic Drive  
  47  7:07  Charge (Chrono Boost)  
  48  7:11  Probe  
  49  7:16  Assimilator  
  49  7:20  Assimilator  
  49  7:21  Probe  
  49  7:29  Zealot x3  
  56  7:32  Probe  
  57  7:42  Probe  
  58  7:53  Probe  
  59  8:00  Observer Gravitic Boosters  
  59  8:03  Probe  
  59  8:05  Immortal  
  54  8:13  Stalker x2  
  54  8:14  Stalker, Probe  
  51  8:24  Probe  
  38  8:36  Probe  
  39  8:44  Immortal  
  39  8:46  Probe  
  44  8:56  Stalker x2  
  44  8:57  Probe  
  49  9:08  Probe  
  50  9:11  Stalker  
  56  9:24  Immortal  
  56  9:34  Stalker x2  
  60  9:54  Nexus  
  60  9:57  Sentry  
  60  9:59  Sentry x2  
  66  10:05  Immortal  
  70  10:23  Stalker x2  
  70  10:24  Stalker  
  62  10:45  Pylon  
  62  10:48  Pylon  
  62  10:52  Immortal, Assimilator  
  62  10:56  Assimilator  
  66  11:04  Sentry  
  66  11:05  Sentry x2  
  72  11:14  Probe  
  73  11:24  Photon Cannon  
  73  11:25  Probe, Photon Cannon  
  73  11:28  Photon Cannon  
  73  11:31  Immortal  
  73  11:32  Photon Cannon  
  78  11:35  Probe  
  79  11:46  Probe  
  80  11:56  Probe  
  81  12:07  Probe  
  81  12:10  Disruptor (Chrono Boost)  
  85  12:17  Probe  
  86  12:28  Probe  
  86  12:38  Probe  
  86  12:42  Disruptor (Chrono Boost)  
  90  12:49  Probe  
  91  12:59  Probe  
  92  13:10  Probe  
  92  13:11  Stalker  
  92  13:12  Stalker x2  
  99  13:13  Colossus (Chrono Boost)  
  105  13:21  Probe  
  106  13:31  Protoss Ground Weapons Level 2  
  103  14:00  Observer (Chrono Boost)  
  104  14:19  Colossus (Chrono Boost)  
  104  14:22  Zealot  
  104  14:23  Zealot x2  
  94  14:57  Stalker x3  
  96  15:06  Immortal (Chrono Boost)  
  96  15:31  Robotics Facility  
  96  15:35  Templar Archives  
  96  15:39  Warp Prism (Chrono Boost)  
  98  15:48  Zealot x3  
  104  15:53  Protoss Ground Armor Level 2  
  104  15:59  Extended Thermal Lance  
  104  16:27  Zealot x3  
  116  16:38  Colossus (Chrono Boost)  
  106  17:21  Observer (Chrono Boost)  
  107  17:26  High Templar  
  107  17:27  High Templar x2  
  107  17:28  Psionic Storm  
  117  17:30  Immortal (Chrono Boost)  
  117  17:56  Photon Cannon  
  117  17:58  Photon Cannon  
  117  17:59  Photon Cannon  
  117  18:03  Pylon  
  117  18:13  Nexus  
  117  18:15  Pylon  
  117  18:18  Pylon  
  117  18:19  Immortal (Chrono Boost)  
  117  18:20  Assimilator  
  117  18:25  Stalker  
  117  18:26  Stalker, Assimilator  
  125  18:28  Colossus (Chrono Boost)  
  125  18:53  Immortal (Chrono Boost)  
  127  19:15  Stalker x2  
  127  19:16  Stalker  
  137  19:22  Colossus (Chrono Boost)  
  137  19:24  Archon  
  137  19:27  Disruptor (Chrono Boost)  
  140  19:46  Stalker x2  
  140  19:49  High Templar  
  140  19:50  Probe  
  147  19:58  Colossus (Chrono Boost)  
  153  20:00  Probe  
  154  20:11  Probe  
  155  20:17  Archon  
  155  20:21  Probe  
  156  20:42  Pylon  
  156  20:44  Photon Cannon  
  156  20:46  Photon Cannon  
  156  20:49  Photon Cannon  
  156  20:51  Photon Cannon  
  156  20:58  Probe  
  160  21:05  Disruptor (Chrono Boost)  
  160  21:09  Stalker x2  
  164  22:29  Nexus  
  164  22:32  Pylon  
  164  22:34  Pylon  
  164  22:36  Pylon  
  164  22:39  Assimilator  
  164  22:44  Assimilator  
  164  22:52  Zealot x3  
Show
View Real Time Build Order
Export as new Build Order

A.I. 1 (Harder) Protoss 

Build Orders:  

Get SALT Encoding   

  12  0:01  Probe (Chrono Boost)  
  13  0:11  Probe (Chrono Boost)  
  14  0:20  Pylon  
  14  0:22  Probe (Chrono Boost)  
  15  0:39  Probe (Chrono Boost)  
  16  0:47  Assimilator  
  16  0:49  Probe (Chrono Boost)  
  17  0:50  Gateway  
  17  0:58  Pylon  
  17  1:00  Probe (Chrono Boost)  
  18  1:10  Probe (Chrono Boost)  
  19  1:21  Probe (Chrono Boost)  
  20  1:34  Zealot  
  22  1:40  Cybernetics Core  
  22  1:42  Gateway  
  22  1:44  Assimilator  
  22  2:00  Pylon  
  22  2:15  Stalker  
  22  2:19  Warp Gate  
  24  2:28  Zealot  
  26  2:39  Pylon  
  26  2:43  Zealot  
  28  2:54  Adept  
  30  3:09  Stalker  
  32  3:19  Stalker  
  32  3:24  Pylon  
  35  3:35  Probe (Chrono Boost)  
  35  3:37  Stalker  
  37  3:47  Probe (Chrono Boost)  
  38  3:48  Stalker  
  38  3:53  Forge  
  40  3:58  Probe (Chrono Boost)  
  41  4:05  Stalker  
  44  4:10  Probe (Chrono Boost)  
  44  4:13  Pylon  
  44  4:22  Probe (Chrono Boost)  
  45  4:26  Stalker  
  47  4:33  Probe (Chrono Boost)  
  48  4:44  Adept  
  50  5:43  Protoss Ground Weapons Level 1  
  50  5:48  Sentry  
  52  5:51  Gateway  
  52  5:54  Twilight Council  
  52  5:55  Photon Cannon  
  52  5:56  Nexus, Sentry, Photon Cannon  
  54  5:58  Pylon  
  54  6:10  Zealot  
  56  6:19  Sentry  
  56  6:22  Robotics Facility  
  58  6:29  Blink, Zealot  
  40  6:41  Sentry  
  42  6:49  Stalker  
  44  6:57  Stalker  
  46  7:05  Zealot  
  50  7:09  Probe x2 (Chrono Boost), Observer  
  50  7:12  Stalker  
  53  7:20  Stalker, Assimilator, Probe (Chrono Boost)  
  53  7:22  Probe (Chrono Boost)  
  57  7:28  Protoss Ground Armor Level 1, Sentry  
  59  7:32  Probe (Chrono Boost)  
  59  7:34  Probe (Chrono Boost)  
  59  7:35  Observer  
  59  7:36  Adept  
  64  7:41  Pylon  
  65  7:44  Zealot, Probe (Chrono Boost)  
  65  7:46  Probe (Chrono Boost)  
  67  7:53  Pylon  
  67  7:55  Probe (Chrono Boost)  
  67  7:57  Probe (Chrono Boost)  
  69  8:05  Stargate  
  69  8:08  Probe (Chrono Boost)  
  69  8:09  Probe (Chrono Boost)  
  69  8:12  Zealot  
  67  8:19  Zealot, Probe (Chrono Boost)  
  65  8:21  Probe (Chrono Boost)  
  61  8:27  Adept  
  61  8:30  Probe (Chrono Boost)  
  64  8:35  Zealot  
  66  8:43  Zealot  
  68  8:51  Zealot  
  68  8:53  Photon Cannon  
  70  8:58  Photon Cannon  
  70  8:59  Sentry  
  72  9:04  Forge  
  72  9:07  Adept  
  74  9:35  Assimilator  
  74  9:50  Warp Prism  
  74  9:52  Phoenix  
  74  9:59  Gateway  
  78  10:03  Robotics Facility  
  78  10:07  Nexus, Stargate  
  76  10:25  Immortal  
  76  10:26  Stalker  
  72  10:30  Zealot  
  72  10:34  Zealot  
  55  10:46  Sentry  
  55  10:48  Observer  
  58  10:51  Stalker  
  58  10:55  Zealot  
  62  10:59  Stalker  
  62  11:00  Warp Prism  
  66  11:07  Warp Prism  
  66  11:08  Stalker  
  70  11:12  Sentry  
  70  11:14  Phoenix  
  74  11:21  Zealot  
  76  11:25  Stalker  
  78  11:35  Observer  
  78  11:38  Probe (Chrono Boost)  
  81  11:40  Immortal, Probe (Chrono Boost)  
  81  11:41  Protoss Ground Weapons Level 2  
  81  11:43  Probe (Chrono Boost)  
  86  11:49  Protoss Ground Armor Level 2, Probe (Chrono Boost)  
  86  11:51  Probe (Chrono Boost)  
  89  11:54  Probe (Chrono Boost)  
  89  12:01  Probe (Chrono Boost)  
  90  12:02  Probe (Chrono Boost)  
  90  12:06  Probe (Chrono Boost)  
  92  12:12  Probe (Chrono Boost)  
  93  12:18  Probe (Chrono Boost)  
  93  12:20  Probe (Chrono Boost)  
  93  12:22  Probe (Chrono Boost)  
  96  12:29  Probe (Chrono Boost)  
  97  12:34  Probe x2 (Chrono Boost)  
  97  12:35  Protoss Air Weapons Level 1  
  99  12:40  Probe (Chrono Boost)  
  100  12:46  Probe x2 (Chrono Boost)  
  100  12:47  Assimilator  
  100  12:51  Probe (Chrono Boost)  
  103  12:55  Nexus  
  103  12:56  Assimilator  
  103  13:03  Void Ray  
  103  13:11  Zealot  
  109  13:13  Pylon  
  109  13:15  Zealot  
  109  13:18  Stalker  
  113  13:22  Stalker  
  115  13:29  Void Ray  
  115  13:33  Pylon  
  119  13:34  Stalker  
  119  13:36  Stargate  
  119  13:38  Robotics Bay, Stalker  
  121  13:42  Gateway  
  121  13:44  Zealot  
  121  13:47  Zealot  
  93  13:57  Stalker  
  93  14:00  Sentry  
  97  14:04  Stalker  
  97  14:07  Sentry  
  97  14:08  Oracle  
  104  14:18  Zealot, Assimilator  
  104  14:21  Stalker  
  104  14:22  Fleet Beacon  
  108  14:25  Zealot  
  108  14:27  Colossus  
  108  14:29  Zealot  
  104  14:36  Stalker  
  102  14:40  Stalker  
  102  14:43  Stalker  
  102  14:44  Mothership Core (Chrono Boost)  
  92  14:46  Stalker  
  92  14:49  Stalker  
  82  14:58  Stalker  
  75  15:01  Stalker  
  75  15:04  Stalker  
  66  15:07  Stalker  
  66  15:11  Stalker  
  64  15:19  Sentry  
  60  15:23  Stalker  
  60  15:24  Mothership Core (Chrono Boost)  
  60  15:26  Zealot  
  64  15:30  Zealot  
  64  15:36  Stalker  
  66  15:45  Pylon  
  65  15:50  Nexus  
  65  15:51  Zealot  
  65  15:54  Assimilator  
  65  15:56  Stalker  
  69  16:00  Stalker  
  71  16:04  Sentry  
  71  16:09  Void Ray  
  73  16:12  Observer  
  73  16:17  Zealot  
  80  16:20  Adept  
  80  16:24  Adept  
  84  16:27  Adept  
  84  16:31  Phoenix  
  86  16:36  Adept  
  90  16:40  Adept  
  90  16:44  Adept  
  94  16:47  Adept  
  96  16:55  Stalker  
  74  17:12  Stalker  
  60  17:17  Stalker  
  60  17:20  Zealot  
  56  17:24  Adept  
  58  17:33  Zealot, Nexus  
  58  17:35  Assimilator  
  59  17:38  Adept  
  59  17:40  Stalker  
  59  17:42  Sentry  
  65  17:45  Void Ray  
  69  17:52  Adept  
  69  17:54  Phoenix  
  69  17:55  Observer  
  69  17:58  Zealot  
  76  18:05  Zealot  
  78  18:08  Nexus  
  58  18:34  Adept  
  58  18:39  Stalker  
  62  18:42  Observer  
  62  18:43  Zealot  
  62  18:46  Adept  
  65  18:53  Adept  
  66  19:00  Stalker  
  62  19:06  Stalker  
  61  19:11  Stalker  
  61  19:12  Stalker  
  56  19:21  Stalker  
  52  19:27  Stalker  
  48  19:34  Zealot  
  47  19:41  Nexus  
  44  19:56  Assimilator  
  43  20:22  Nexus  
  41  21:07  Assimilator  
  41  21:09  Assimilator  
  40  21:12  Pylon, Probe (Chrono Boost)  
  41  21:19  Pylon  
  41  21:22  Pylon  
  41  21:30  Assimilator  
  40  21:37  Gateway  
  40  21:38  Probe (Chrono Boost)  
  38  21:41  Probe (Chrono Boost)  
  19  21:54  Gateway  
Tags
 
Composition
Blink Stalkers
Matchup
PvP
Spawn Locations
Cross Positions
Add a new tag
Caveats
  • Supply blocks, unpowered buildings, or Contaminate may cause inaccurate times.
  • Supply counts are checked every 10 seconds.